 Dungeon Crawl Stone Soup version 0.24.1 (webtiles) character file.

Game seed: 10550159264470893556, levelgen mode: deterministic

2395 Destapler the Covert (level 9, -3/76 HPs)
             Began as a Deep Dwarf Earth Elementalist on Mar 22, 2020.
             Was a Believer of Makhleb.
             Slain by a two-headed ogre
             ... wielding a +0 giant club
              (21 damage)
             ... on level 7 of the Dungeon on Mar 24, 2020.
             The game lasted 01:13:45 (7435 turns).

Destapler the Covert (DDEE)                         Turns: 7435, Time: 01:13:48

Health: -3/76      AC:  4    Str: 12    XL:     9   Next: 22%
Magic:  2/11       EV: 14    Int: 19    God:    Makhleb [**....]
Gold:   438        SH:  0    Dex: 13    Spells: 13/14 levels left

rFire    . . .     SeeInvis .   b - +1 hand axe (chop)
rCold    . . .     Gourm    .   (no shield)
rNeg     . . .     Faith    .   c - +1 robe
rPois    .         Spirit   .   (no helmet)
rElec    .         Reflect  .   (no cloak)
rCorr    .         Harm     .   y - +0 pair of gloves
MR       +....                  (no boots)
Stlth    ++++......             (no amulet)
HPRegen  0.00/turn              A - ring of flight
MPRegen  0.12/turn              (no ring)

@: non-regenerating, lightly drained
A: damage resistance, heal wounds, sense surroundings 2, no regeneration
a: Heal Wounds, Minor Destruction, Renounce Religion, Evoke Flight


You were on level 7 of the Dungeon.
You worshipped Makhleb.
Makhleb was pleased with you.
You were hungry.

You visited 2 branches of the dungeon, and saw 9 of its levels.
You also visited: Ossuary.

You collected 438 gold pieces.

Inventory:

Hand Weapons
 a - a +2 dagger of venom
 b - a +1 hand axe of chopping (weapon)
 E - a +4 dagger of venom
Missiles
 k - 2 boomerangs
 m - 24 poisoned darts (quivered)
 z - 74 stones
 B - 11 javelins
Armour
 c - a +1 robe (worn)
 y - a +0 pair of gloves (worn)
Jewellery
 u - an uncursed ring of ice
 v - an uncursed ring of ice
 A - a ring of flight (left hand)
Wands
 o - a wand of enslavement (12)
 p - a wand of random effects (14)
 s - a wand of disintegration (5)
Scrolls
 e - 2 scrolls of enchant armour
 f - 3 scrolls of identify
 g - 3 scrolls of remove curse
 h - a scroll of enchant weapon {unknown}
 i - 5 scrolls of teleportation
 j - 4 scrolls of fog
 l - 2 scrolls of fear
 n - a scroll of magic mapping {unknown}
 q - a scroll of amnesia
 r - a scroll of immolation {unknown}
 t - a scroll of random uselessness {unknown}
 C - a scroll of silence {unknown}
 G - a scroll of blinking {unknown}
Potions
 w - 2 potions of haste
 x - a potion of flight
 D - a potion of might
 R - 2 potions of cancellation
Comestibles
 d - 12 rations


   Skills:
 + Level 3.5(3.4) Fighting
 * Level 7.7(7.6) Axes
 - Level 4.1(4.0) Dodging
 + Level 8.3(8.2) Stealth
 - Level 3.0(2.9) Spellcasting
   Level 0.8(0.7) Transmutations
 - Level 6.3(6.2) Earth Magic
 + Level 2.5(2.4) Invocations
 + Level 3.7(3.6) Evocations


You had 13 spell levels left.
You knew the following spells:

 Your Spells              Type           Power        Failure   Level  Hunger
a - Sandblast             Erth           ####..       1%          1    None

Your spell library contained the following spells:

 Spells                   Type           Power        Failure   Level  Hunger
 Passwall                 Tmut/Erth      ###.....     5%          2    ##.....
 Stone Arrow              Conj/Erth      ##....       13%         3    ###....
 Animate Skeleton         Necr           N/A          16%         1    None
 Apportation              Tloc           #.....       16%         1    None
 Confusing Touch          Hex            #.....       16%         1    None
 Summon Small Mammal      Summ           #...         16%         1    None
 Lee's Rapid Deconstruct  Erth           ####......   32%         5    ######.
 Petrify                  Tmut/Erth      ###.....     36%         4    ####...


Dungeon Overview and Level Annotations

Branches:
Dungeon (8/15)             Temple (1/1) D:4         Ossuary (visited)
   Lair: D:8-11

Altars:
Ashenzari
Cheibriados
Dithmenos
Elyvilon
Fedhas
Gozag
Hepliaklqana
Kikubaaqudgha
Makhleb
Nemelex Xobeh
Okawaru
Qazlal
Ru
Sif Muna
Trog
Uskayaw
Vehumet
Wu Jian
Xom
Yredelemnul
Zin
The Shining One

Shops:
D:5 *   D:7 }

Annotations:
D:6 2 transporters


Innate Abilities, Weirdness & Mutations

You are resistant to damage.
You can heal yourself by infusing magical energy.
You passively map the area around you.
You do not regenerate.


Message History

Aiming: Sandblast (safe; 1% risk of failure)
Press: ? - help, Shift-Dir - straight line, f/p - wight
Aim: a wight, wielding a +4 morningstar and wearing a cursed +0 robe (heavily damaged)
The blast of sand hits the wight!
You destroy the wight!
Makhleb accepts your kill.
You feel better.
z - 74 stones The orc hits you but does no damage.
Press: ? - help, v - describe, . - travel
Here: a wight, wielding a +5 dire flail of freezing and wearing a +0 robe The floor.
There is a stone staircase leading up here.
The orc barely misses you.
You climb upwards.
The two-headed ogre shouts in stereo!
The two-headed ogre hits you with a +0 giant club!
* * * LOW HITPOINT WARNING * * *
The two-headed ogre hits you with a +0 giant club!!
You die...

#...# #.####.# #.# ###.#
#.##...# ##.# ## #.#
#.##.#.# #..# .# #.#
#.##.#.# #.## .# #.#
#.##.#.# #.# .# #.#
#.##.#.# #.# .#
#.#####.##.#.# #.#
.#######........#.#.###.#
..#............o@O......#
#.....########.####.#####
...(#.# #.# #.#
.#..#.########.####.#
.#..#.#.............#
.#..)∩..######.######
.#..#.########.#
#####..........#
......##########


You could see a two-headed ogre and an orc.

Vanquished Creatures
  Menkaure (D:7)
  An ice beast (D:6)
  2 black bears (D:7)
  2 phantoms
  2 elf zombies (Ossuary)
  3 bullfrogs
  A wyvern skeleton (D:7)
  2 scorpions
  5 wights (D:8)
  A bullfrog zombie (D:7)
  5 crimson imps
  3 orc priests
  A jelly (D:5)
  2 bullfrog skeletons
  4 hounds
  A human zombie (Ossuary)
  5 orc wizards
  7 worker ants
  3 hound skeletons
  2 hound zombies
  3 mummies
  8 adders
  A shadow imp (D:6)
  2 oozes
  An adder zombie (Ossuary)
  2 adder skeletons
  A worm (D:6)
  2 dart slugs
  6 leopard geckos
  17 orcs
  9 giant cockroaches
  7 goblins
  8 hobgoblins
  8 jackals
  3 quokkas
  6 bats
  2 frilled lizards
  3 goblin zombies (Ossuary)
  12 hobgoblin zombies
  A jackal zombie (Ossuary)
  5 kobolds
  9 kobold zombies (Ossuary)
  7 orc zombies (Ossuary)
  2 quokka skeletons
  7 rats
  2 rat zombies (Ossuary)
187 creatures vanquished.

Notes
Turn   | Place    | Note
-------+----------+-------------------------------------------
     0 | D:1      | Destapler the Deep Dwarf Earth Elementalist began the quest
                  | for the Orb.
     0 | D:1      | Reached XP level 1. HP: 15/15 MP: 3/3
   109 | D:1      | Reached XP level 2. HP: 10/22 MP: 1/5
   408 | D:1      | Reached skill level 3 in Stealth
   558 | D:1      | Reached XP level 3. HP: 25/28 MP: 6/6
  1292 | D:2      | Found an ornate altar of the Wu Jian Council.
  1649 | D:2      | Reached skill level 5 in Earth Magic
  1655 | D:2      | Reached XP level 4. HP: 36/36 MP: 5/7
  1925 | D:3      | Found a shattered altar of Ashenzari.
  1990 | D:3      | Found a stormy altar of Qazlal.
  2536 | D:4      | Reached skill level 1 in Fighting
  2536 | D:4      | Reached XP level 5. HP: 28/44 MP: 3/9
  2553 | D:4      | Reached skill level 4 in Stealth
  2680 | D:5      | Entered Level 5 of the Dungeon
  2709 | D:5      | Found a sand-covered staircase.
  2725 | Ossuary  | Entered an ossuary
  3048 | Ossuary  | Reached skill level 1 in Evocations
  3048 | Ossuary  | Reached XP level 6. HP: 38/52 MP: 3/10
  3525 | D:4      | Found a staircase to the Ecumenical Temple.
  3536 | Temple   | Entered the Ecumenical Temple
  3589 | Temple   | Became a worshipper of Makhleb the Destroyer
  3684 | D:3      | Reached skill level 5 in Stealth
  3684 | D:3      | Reached XP level 7. HP: 11/62 MP: 4/11
  3761 | D:4      | Found a sparkling altar of Nemelex Xobeh.
  3765 | D:4      | Found an opulent altar of Gozag.
  3766 | D:4      | Found a basalt altar of Yredelemnul.
  3826 | D:5      | Found Zin's Purification Station.
  3827 | D:5      | Found a glowing silver altar of Zin.
  4008 | D:5      | Reached skill level 1 in Invocations
  4075 | D:5      | Reached skill level 1 in Axes
  4953 | D:6      | Found a hazy altar of Hepliaklqana.
  5008 | D:6      | Reached XP level 8. HP: 36/69 MP: 4/11
  5388 | D:6      | Reached skill level 6 in Stealth
  5436 | D:6      | Found a transporter.
  5436 | D:6      | Noticed a kobold demonologist
  5445 | D:6      | Noticed a kobold demonologist
  5455 | D:6      | Found a transporter.
  5794 | D:6      | Reached * piety under Makhleb
  6274 | D:7      | Found Omet's Gadget Emporium.
  6308 | D:7      | Noticed Menkaure
  6354 | D:7      | Reached skill level 5 in Axes
  6456 | D:7      | Reached skill level 7 in Stealth
  6859 | D:7      | Reached skill level 8 in Stealth
  6863 | D:7      | Gained mutation: You passively map the area around you.
                  | [Deep Dwarf growth]
  6863 | D:7      | Reached XP level 9. HP: 6/75 MP: 9/12
  6986 | D:7      | Killed Menkaure
  7074 | D:8      | Reached ** piety under Makhleb
  7163 | D:8      | Noticed a two-headed ogre
  7198 | D:7      | HP: 3/76 [two-headed ogre/+0 giant club (12)]
  7222 | D:6      | Upgraded the game from 0.24.0-125-gc4c63601f3 to 0.24.1
  7435 | D:7      | Slain by a two-headed ogre

Levels and vault maps discovered:
D:1:      ncdulo_wetmaze, layout_basic, minivault_24
D:2:      layout_loops_corners, lemuel_crystal_altar, first_ration
D:3:      layout_rooms, ashenzari_altar_1, serial_corexii_hall,
          corexii_hall_statues_l, chequers_hall_statues_y,
          minmay_misc_feat_nine_boxes, grunt_qazlal_sundering
D:4:      layout_rooms, minitemple, minmay_temple_entry_nine_rooms,
          serial_glass, glass_columns_a, glass_columns_a, glass_columns_a,
          glass_columns_b, glass_columns_a, glass_columns_b, glass_columns_b,
          glass_columns_b, chequers_garden
D:5:      layout_loops_corners, zin_purify, nicolae_ossuary_entry_giza,
          corexii_hall_statues_i
D:6:      gammafunk_wand_slinger, layout_loops_ring, lemuel_round_altar,
          serial_co_window_serial, co_window_paths_a, co_window_paths_a,
          co_window_of_opportunity_a, co_window_paths_a, co_window_corner_a,
          co_window_broadway_b, co_window_2corner, co_window_paths_c,
          co_window_paths_e, co_window_4corner_b, glass_columns_b,
          glass_columns_c, glass_columns_b, glass_columns_c
D:7:      layout_loops_ring, serial_shops, nicolae_shop_crystal, uniq_menkaure
D:8:      layout_basic, fungi_pond_lemuel
Temple:   eino_wide_crystal_templ

Skill      XL: |  1  2  3  4  5  6  7  8  9 |
---------------+----------------------------+-----
Spellcasting   | 2 3 |  3.0
Stealth        | 3 4 5 8 |  8.3
Earth Magic    | 5 6 |  6.3
Dodging        | 3 4 |  4.1
Fighting       | 1 2 3 |  3.5
Evocations     | 1 2 3 |  3.7
Invocations    | 1 2 |  2.5
Axes           | 3 7 |  7.7
Transmutations | |  0.8

Action                   |  1- 3 |  4- 6 |  7- 9 || total
-------------------------+-------+-------+-------++-------
Melee: Unarmed           |    41 |       |       ||    41
       Club              |    20 |       |       ||    20
       Dagger            |    46 |   193 |    29 ||   268
       Hand axe          |       |       |   194 ||   194
Throw: Stone             |       |     2 |       ||     2
       Dart              |       |       |     4 ||     4
       Javelin           |       |       |    14 ||    14
 Cast: Sandblast         |    25 |    68 |    90 ||   183
 Abil: Heal Wounds       |     2 |     1 |     8 ||    11
Evoke: Wand              |       |       |     2 ||     2
  Use: Scroll            |       |     6 |    10 ||    16
       Potion            |       |       |     3 ||     3
 Stab: Sleeping          |    11 |     4 |    11 ||    26
       Invisible         |       |       |     2 ||     2
  Eat: Chunk             |     3 |     3 |    12 ||    18
       Ration            |       |     1 |       ||     1
Armor: Robe              |    27 |    31 |    47 ||   105
Dodge: Dodged            |    69 |   117 |   193 ||   379
